 Dungeon Crawl Stone Soup version 0.18.1-5-g4a78601 (webtiles) character file.

81 juanjsm the Sneak (level 4, -4/21 HPs)
             Began as a Spriggan Enchanter on May 8, 2016.
             Killed from afar by an orc wizard (7 damage)
             ... with a magic dart
             ... on level 3 of the Dungeon on May 10, 2016.
             The game lasted 00:07:47 (2003 turns).

juanjsm the Sneak (Spriggan Enchanter)              Turns: 2003, Time: 00:07:48

Health: -4/21      AC:  3    Str:  4    XL:     4   Next: 20%
Magic:  9/9        EV: 19    Int: 17    God:
Gold:   133        SH:  0    Dex: 19    Spells: 3 memorised, 2 levels left

rFire  . . .     SeeInvis +     r - +0 dagger (venom)
rCold  . . .     Gourm    .     b - +1 robe
rNeg   . . .     Faith    .     (shield restricted)
rPois  .         Spirit   .     (helmet restricted)
rElec  .         Dismiss  .     (no cloak)
rCorr  .         Reflect  .     (gloves unavailable)
SustAt +         Harm     .     (boots unavailable)
MR     .....                    (no amulet)
Stlth  ++++......               q - +3 ring of dexterity
                                l - ring of sustain attributes

@: very quick, not resistant to hostile enchantments, stealthy
A: unfitting armour, see invisible, herbivore 3, speed 3, slow metabolism 2
a: no special abilities


You were on level 3 of the Dungeon.
You were not hungry.

You visited 1 branch of the dungeon, and saw 4 of its levels.

You collected 133 gold pieces.

Inventory:

Hand Weapons
 r - a +0 dagger of venom (weapon)
Armour
 b - a +1 robe (worn)
Jewellery
 l - a ring of sustain attributes (left hand)
 q - a +3 ring of dexterity (right hand)
Scrolls
 g - 2 scrolls of teleportation {unknown}
 h - 2 scrolls of identify {unknown}
 i - a scroll of fog {unknown}
 j - a scroll of fear {unknown}
 n - 2 scrolls of magic mapping {unknown}
 p - a scroll of enchant armour {unknown}
 s - a scroll of amnesia {unknown}
 t - a scroll of random uselessness {unknown}
Potions
 e - 2 potions of curing {unknown}
 f - a potion of lignification {unknown}
 k - a potion of cancellation {unknown}
 m - a potion of resistance {unknown}
Books
 c - a book of Maledictions

   Spells                             Type                      Level
   a - Corona                         Hexes                        1
   b - Ensorcelled Hibernation        Hexes/Ice                    2
   c - Confuse                        Hexes                        3
   d - Tukima's Dance                 Hexes                        3
   e - Dazzling Spray                 Conjuration/Hexes            3
Miscellaneous
 o - a plain deck of summoning
Comestibles
 a - a royal jelly
 d - a bread ration


   Skills:
 + Level 1.2 Short Blades
 + Level 3.8 Dodging
 + Level 6.0 Stealth
 + Level 2.9 Spellcasting
 + Level 4.3 Hexes
 + Level 0.7 Ice Magic


You had 2 spell levels left.
You knew the following spells:

 Your Spells              Type           Power        Failure   Level  Hunger
a - Corona                Hex            ###....      2%          1    None
b - Ensorcelled Hibernat  Hex/Ice        ##....       12%         2    ##.....
c - Confuse               Hex            ###.....     10%         3    ###....


Dungeon Overview and Level Annotations

Branches:
Dungeon (4/15)
 Temple: D:4-7

Altars:
Nemelex Xobeh


Innate Abilities, Weirdness & Mutations

You are tiny and cannot use many weapons and most armour.
You have supernaturally acute eyesight.
You are a herbivore.
You cover ground extremely quickly.
You need consume almost no food.


Message History

Found a dagger.
Found 5 gold pieces.
An orc comes into view. It is wielding a hand axe.
The orc wizard shouts!
The orc shouts!
The orc wizard casts a spell.
The orc wizard seems to speed up.
An orc and an orc wizard come into view.
You hit the orc wizard.
The orc wizard is moderately wounded.
The orc wizard casts a spell at you. The magic dart hits you!
The orc wizard mumbles some strange words.
The orc wizard seems to speed up.
You hit the orc wizard but do no damage.
The orc wizard is moderately wounded.
The orc wizard hits you with a dagger.
* * * LOW HITPOINT WARNING * * *
The orc wizard gestures at you while chanting.
The magic dart hits you!
You die...

##. #..# #.....##
#.##..# #......#
#.##..######....#.#
#. #... ..........#
#.####$##.###
###.....##
#...).....# ###.###
#.oo..o..## #.#
..####.#o##########.#
#.#..o...@.....#
#.############## ..
##


You could see an orc wizard and an orc.

Vanquished Creatures
  4 adders
  An ooze (D:2)
  A giant gecko (D:1)
  A ball python (D:2)
  A giant cockroach (D:2)
  5 goblins
  A hobgoblin (D:1)
  6 jackals
  6 kobolds
  4 bats
  4 giant newts
  10 rats
44 creatures vanquished.

Notes
Turn   | Place    | Note
--------------------------------------------------------------
     0 | D:1      | juanjsm the Spriggan Enchanter began the quest for the Orb.
     0 | D:1      | Reached XP level 1. HP: 9/9 MP: 5/5
   328 | D:1      | Found a sparkling altar of Nemelex Xobeh.
   551 | D:1      | Reached XP level 2. HP: 9/13 MP: 4/6
   555 | D:1      | Learned a level 2 spell: Ensorcelled Hibernation
  1294 | D:2      | Upgraded the game from 0.18.1-2-ga659475 to 0.18.1-5-g4a78601
  1354 | D:2      | Reached skill level 5 in Stealth
  1412 | D:2      | Reached XP level 3. HP: 15/16 MP: 2/8
  1772 | D:2      | Learned a level 3 spell: Confuse
  1885 | D:3      | Reached skill level 6 in Stealth
  1885 | D:3      | Reached XP level 4. HP: 9/21 MP: 4/9
  2003 | D:3      | Killed from afar by an orc wizard

Skill      XL: |  1  2  3 |
---------------+----------+-----
Hexes          | 4 |  4.3
Stealth        | 5 6 |  6.0
Short Blades   | |  1.2
Dodging        | |  3.8
Spellcasting   | |  2.9
Ice Magic      | |  0.7

Action                   |  1- 3 |  4- 6 || total
-------------------------+-------+-------++-------
Melee: Dagger            |    90 |     3 ||    93
 Cast: Corona            |     8 |       ||     8
       Ensorcelled Hiber |    16 |       ||    16
 Stab: Sleeping          |    23 |     1 ||    24
       Distracted        |     1 |       ||     1
Armor: Robe              |    13 |       ||    13
Dodge: Dodged            |    87 |       ||    87
